 Dungeon Crawl Stone Soup version 0.25.0-1-g7eea58d2a3 (webtiles) character file.

Game seed: 17930576959907443661

1460 Jakers the Tainter (level 8, -1/74 HPs)
             Began as a Naga Venom Mage on June 14, 2020.
             Was an Initiate of Makhleb.
             Slain by an orc
             ... wielding a +0 hand axe
              (3 damage)
             ... on level 6 of the Dungeon.
             The game lasted 00:18:01 (5452 turns).

Jakers the Tainter (Naga Venom Mage)                Turns: 5452, Time: 00:18:02

Health: -1/74      AC:  8    Str:  8 (10) XL:     8   Next: 76%
Magic:  11/11      EV: 10    Int: 18      God:    Makhleb [......]
Gold:   266        SH:  0    Dex: 12      Spells: 2/11 levels left

rFire    . . .     SeeInvis +   d - +4 quarterstaff (chaos)
rCold    . . .     Gourm    .   (shield currently unavailable)
rNeg     + . .     Faith    .   s - +2 robe {rN+}
rPois    +         Spirit   .   i - +1 helmet
rElec    .         Reflect  .   e - +0 cloak
rCorr    .         Harm     .   (no gloves)
MR       +....                  (no barding)
Stlth    ++........             m - amulet of regeneration
HPRegen  0.62/turn              (no ring)
MPRegen  0.12/turn              (no ring)

@: very slow
A: large, see invisible, deformed body, poison resistance, slowness 2, slow
metabolism 1, spit poison 1, AC +2
a: Spit Poison, Renounce Religion


You were on level 6 of the Dungeon.
You worshipped Makhleb.
Makhleb was noncommittal.
You were not hungry.

You visited 1 branch of the dungeon, and saw 6 of its levels.

You collected 266 gold pieces.

Inventory:

Hand Weapons
 d - a +4 quarterstaff of chaos (weapon)
 g - a +0 dagger
 r - a +2 vorpal glaive
 t - a +0 shortbow of freezing
Missiles
 u - 21 arrows
Armour
 e - a +0 cloak (worn)
 i - a +1 helmet (worn)
 s - a +2 robe of positive energy (worn)
Jewellery
 h - an uncursed amulet of faith {unknown}
 m - an amulet of regeneration (around neck)
Wands
 b - a wand of random effects (14)
Scrolls
 f - 3 scrolls of teleportation
 j - 2 scrolls of remove curse
 o - a scroll of enchant armour
Potions
 a - a potion of haste {unknown}
 k - a potion of magic
 q - a potion of invisibility
Comestibles
 c - 16 rations
 n - 4 chunks of flesh


   Skills:
 + Level 5.2 Fighting
 - Level 1.5 Dodging
 - Level 3.0 Stealth
 - Level 2.0 Spellcasting
 - Level 1.0 Transmutations
 - Level 12.1 Poison Magic


You had 2 spell levels left.
You knew the following spells:

 Your Spells              Type           Power        Failure   Level  Hunger
a - Sting                 Tmut/Pois      ####         1%          1    #......
b - Poisonous Vapours     Pois/Air       ###...       2%          2    ###....
c - Ignite Poison         Fire/Tmut/Pois ###.....     9%          3    ###....
d - Mephitic Cloud        Conj/Pois/Air  ###.....     11%         3    ###....

Your spell library contained the following spells:

 Spells                   Type           Power        Failure   Level  Hunger
 Animate Skeleton         Necr           N/A          19%         1    #......
 Pain                     Necr           #...         19%         1    #......
 Olgreb's Toxic Radiance  Pois           #####...     1%          4    #####..
 Vampiric Draining        Necr           #.........   47%         3    ###....
 Animate Dead             Necr           N/A          87%         4    #####..
 Agony                    Necr           #.......     99%         5    ######.


Dungeon Overview and Level Annotations

Branches:
Dungeon (6/15)
 Temple: D:4-7

Altars:
Fedhas
Makhleb

Shops:
D:5 =


Innate Abilities, Weirdness & Mutations

You cannot wear boots.
Your serpentine skin is tough. (AC +2)
You have supernaturally acute eyesight. (SInv)
Armour fits poorly on your strangely shaped body.
Your system is resistant to poisons. (rPois)
You cover ground very slowly.
You have a slow metabolism.
You can spit poison.


Message History

Unknown command.
You barely miss the ice beast.
The ice beast is almost dead.
The ice beast hits you.
* * * LOW HITPOINT WARNING * * *
The ice beast freezes you!
* * * LOW HITPOINT WARNING * * *
The orc barely misses you.
The ice beast hits you but does no damage.
You feel better. The orc hits you with a +0 hand axe.
* * * LOW HITPOINT WARNING * * *
The ice beast hits you but does no damage.
You miss the ice beast.
The ice beast is almost dead.
The orc closely misses you. The ice beast hits you.
* * * LOW HITPOINT WARNING * * *
The ice beast freezes you!
* * * LOW HITPOINT WARNING * * *
The orc hits you with a +0 hand axe.
You die...

.#####....#
##...#
#...######
##..#....#
##.'....#
###....#
#....#
#....#
#@o..####
#Y)......
#)...##..
#....# #
#....#
#....#
#....#
#....#
#'####


You could see an ice beast (agile) and an orc.

Vanquished Creatures
  3 phantoms
  5 ogres
  A centaur (D:5)
  Blork the orc (D:5)
  A scorpion (D:4)
  3 crimson imps
  2 orc priests
  A jelly (D:5)
  Crazy Yiuf (D:4)
  2 iguanas
  Jessica (D:2)
  3 orc wizards
  A worker ant (D:4)
  Robin (D:2)
  7 adders
  4 adder skeletons
  2 worms (D:3)
  A dart slug (D:3)
  4 leopard geckos
  8 orcs
  3 giant cockroaches
  20 goblins
  5 hobgoblins
  10 jackals
  6 quokkas
  A ball python (D:1)
  7 bats
  8 frilled lizards
  5 kobolds
  5 rats (D:1)
122 creatures vanquished.

Notes
Turn   | Place    | Note
-------+----------+-------------------------------------------
     0 | D:1      | Jakers the Naga Venom Mage began the quest for the Orb.
     0 | D:1      | Reached XP level 1. HP: 15/15 MP: 3/3
   212 | D:1      | Reached XP level 2. HP: 19/22 MP: 0/5
   505 | D:1      | Reached skill level 5 in Poison Magic
  1045 | D:1      | Learned a level 2 spell: Poisonous Vapours
  1059 | D:2      | Noticed Robin
  1061 | D:2      | Reached XP level 3. HP: 28/28 MP: 1/6
  1171 | D:2      | Killed Robin
  1239 | D:2      | Reached skill level 6 in Poison Magic
  1386 | D:2      | Reached XP level 4. HP: 29/36 MP: 2/7
  1437 | D:2      | Learned a level 3 spell: Ignite Poison
  1751 | D:2      | Noticed Jessica
  1757 | D:2      | Killed Jessica
  2069 | D:2      | Reached skill level 7 in Poison Magic
  2437 | D:3      | Reached XP level 5. HP: 26/42 MP: 0/8
  3459 | D:3      | Found a faded altar of an unknown god.
  3491 | D:4      | Noticed a phantom
  3496 | D:4      | Reached skill level 8 in Poison Magic
  3685 | D:4      | Noticed an ogre
  3693 | D:4      | Found a blossoming altar of Fedhas.
  3694 | D:4      | Killed an ogre
  3694 | D:4      | Reached skill level 9 in Poison Magic
  3694 | D:4      | Reached XP level 6. HP: 35/49 MP: 0/9
  3776 | D:4      | Killed a phantom
  3923 | D:4      | Found a runed translucent door.
  3924 | D:4      | Noticed Crazy Yiuf
  3951 | D:4      | Learned a level 3 spell: Mephitic Cloud
  3954 | D:4      | Killed Crazy Yiuf
  4088 | D:4      | Reached skill level 10 in Poison Magic
  4088 | D:4      | Reached XP level 7. HP: 55/55 MP: 1/10
  4255 | D:4      | Found a burning altar of Makhleb.
  4286 | D:4      | Became a worshipper of Makhleb the Destroyer
  4308 | D:4      | Reached skill level 11 in Poison Magic
  4439 | D:5      | Entered Level 5 of the Dungeon
  4511 | D:5      | Reached XP level 8. HP: 51/62 MP: 11/11
  4670 | D:5      | Noticed Blork the orc
  4675 | D:5      | Killed Blork the orc
  4675 | D:5      | Reached skill level 12 in Poison Magic
  4752 | D:5      | Reached skill level 1 in Fighting
  4889 | D:5      | Found Hiloipog's Jewellery Shoppe.
  5434 | D:6      | Reached skill level 5 in Fighting
  5452 | D:6      | HP: 2/74 [ice beast (7)]
  5452 | D:6      | Slain by an orc

Illustrated notes

Levels and vault maps discovered:
D:1:      matt_arrival_refuge, layout_basic
D:2:      layout_basic, first_ration, uniq_jessica, uniq_robin
D:3:      layout_basic, chequers_ecumenical_altar_twisty
D:4:      layout_rooms, nicolae_overflow_crystal_walls, minmay_ruined_shrine,
          uniq_crazy_yiuf_cottage, uniq_duvessa
D:5:      layout_loops_ring, serial_shops, shop_coins, minmay_ogre_servants,
          uniq_blork_the_orc
D:6:      wander_guarded_unrand_ratskin, layout_gridville, glass_columns_a

Skill      XL: |  1  2  3  4  5  6  7  8 |
---------------+-------------------------+-----
Poison Magic   | 5 6 7 9 10 11 12 | 12.1
Fighting       | 5 |  5.2
Dodging        | |  1.5
Stealth        | |  3.0
Spellcasting   | |  2.0
Transmutations | |  1.0

Action                   |  1- 3 |  4- 6 |  7- 9 || total
-------------------------+-------+-------+-------++-------
Melee: Unarmed           |     9 |       |       ||     9
       Dagger            |     9 |   104 |       ||   113
       Quarterstaff      |       |     3 |   124 ||   127
 Cast: Sting             |    30 |    12 |     7 ||    49
       Poisonous Vapours |    10 |    62 |    16 ||    88
       Ignite Poison     |       |     3 |     4 ||     7
 Abil: Spit Poison       |    12 |     6 |     2 ||    20
  Use: Scroll            |     3 |     4 |     2 ||     9
       Potion            |       |     2 |     6 ||     8
 Stab: Paralysed         |       |       |     1 ||     1
       Sleeping          |       |       |     2 ||     2
  Eat: Chunk             |     2 |    12 |     6 ||    20
Armor: Robe              |    17 |    33 |    56 ||   106
Dodge: Dodged            |    48 |    67 |   101 ||   216
